 Dungeon Crawl Stone Soup version 0.22-a0-402-ga933591 (webtiles) character file.

48362 Kairos the Cleaver (level 14, 0/75 HPs)
             Began as a Vine Stalker Fighter on May 6, 2018.
             Was the Champion of Okawaru.
             Killed from afar by an ice dragon (25 damage)
             ... with a blast of cold
             ... in an ice cave.
             The game lasted 00:35:34 (16418 turns).

Kairos the Cleaver (Vine Stalker Fighter)          Turns: 16418, Time: 00:35:35

Health: 0/75       AC: 13    Str: 26    XL:     14   Next: 46%
Magic:  0/16       EV: 17    Int: 13    God:    Okawaru [******]
Gold:   1103       SH: 15    Dex: 15    Spells: 13/13 levels left

rFire    + . .     SeeInvis .   B - +1 broad axe (venom)
rCold    . . .     Gourm    .   c - +0 shield
rNeg     . . .     Faith    .   b - +0 scale mail
rPois    .         Spirit   +   J - +0 hat {Int+3}
rElec    .         Reflect  .   (no cloak)
rCorr    .         Harm     .   E - +2 pair of gloves {Str+3}
MR       ++...     Clarity  +   (no boots)
Stlth    ++........             w - amulet of regeneration
HPRegen  1.42/turn              H - ring of protection from fire
MPRegen  0.15/turn              g - ring of protection from magic

@: heroism
A: fangs 3, clarity, clever 1, regeneration 2, magic shield, antimagic bite, no
potion heal 3, rot immunity
a: Heroism, Finesse, Renounce Religion


You were in an ice cave.
You worshipped Okawaru.
Okawaru was exalted by your worship.
You were very hungry.

You visited 3 branches of the dungeon, and saw 17 of its levels.
You also visited: Ice Cave.

You collected 1103 gold pieces.

Inventory:

Hand Weapons
 y - the +8 whip "Snakebite" {curare, rPois}
   (You found it on level 1 of the Lair of Beasts)

   It poisons the flesh of those it strikes.
   It protects you from poison.
 B - a +1 broad axe of venom (weapon)
 C - a +2 flail of venom
 U - a +0 broad axe
Missiles
 X - 6 silver javelins (quivered)
Armour
 b - a +0 scale mail (worn)
 c - a +0 shield (worn)
 E - a +2 pair of gloves of strength (worn)
 J - a +0 hat of intelligence (worn)
Jewellery
 g - a ring of protection from magic (right hand)
 w - an amulet of regeneration (around neck)
 x - an uncursed ring of positive energy
 H - a ring of protection from fire (left hand)
 I - an uncursed ring of positive energy
Wands
 a - a wand of iceblast (9)
 e - a wand of acid (13)
 A - a wand of disintegration (1)
 O - a wand of digging (8)
 Y - a wand of paralysis (4)
Scrolls
 i - 8 scrolls of remove curse
 j - 3 scrolls of blinking
 l - 2 scrolls of fear
 m - 2 scrolls of magic mapping
 q - 4 scrolls of immolation
 r - 3 scrolls of fog
 v - 3 scrolls of enchant armour
 z - 5 scrolls of teleportation
 K - a scroll of noise {unknown}
 M - a scroll of silence
 N - a scroll of amnesia
 T - a scroll of acquirement {unknown}
 W - 3 scrolls of identify
Potions
 d - 2 potions of might
 k - a potion of resistance {unknown}
 n - a potion of magic {unknown}
 o - 4 potions of flight
 p - 2 potions of ambrosia {unknown}
 s - a potion of cancellation {unknown}
 t - 2 potions of lignification {unknown}
 u - 4 potions of degeneration {unknown}
 D - 3 potions of curing {unknown}
 F - a potion of agility
 G - 2 potions of mutation
 L - a potion of haste {unknown}
 Q - 3 potions of brilliance {unknown}
 S - 2 potions of berserk rage {unknown}
Miscellaneous
 P - a lightning rod (4/4)
 Z - a phantom mirror
Comestibles
 f - 37 rations


   Skills:
 + Level 9.3(14.3) Fighting
 + Level 13.6(18.8) Axes
 + Level 4.0(14.9) Maces & Flails
 + Level 8.8(13.8) Armour
 + Level 6.0(11.0) Dodging
 + Level 1.2(6.2) Stealth
 + Level 10.6(15.6) Shields
 + Level 1.2 Invocations
 + Level 2.1 Evocations


You had 13 spell levels left.
You didn't know any spells.

Dungeon Overview and Level Annotations

Branches:
Dungeon (10/15)            Temple (1/1) D:7            Lair (6/6) D:10
  Swamp (0/4) Lair:2       Spider (0/4) Lair:4        Slime (0/5) Lair:6
    Orc: D:9-12

Altars:
Cheibriados
Fedhas
Gozag
Makhleb
Nemelex Xobeh
Okawaru
Ru
Sif Muna
Trog
Uskayaw
Wu Jian
Xom
Yredelemnul
Zin

Shops:
D:6 (


Innate Abilities, Weirdness & Mutations

You have razor-sharp teeth.
You heal very quickly.
When hurt, damage is shared between your health and your magic reserves.
Your bite disrupts and absorbs the magic of your enemies.
Potions cannot restore your health.
You are immune to rotting.
You possess an exceptional clarity of mind.
Your mind is acute. (Int +2)


Message History

The ice dragon is heavily wounded.
The ice dragon bites you. The ice dragon misses you. x2
You hit the ice dragon but do no damage.
The ice dragon is poisoned.
You bite the ice dragon, but do no damage.
The ice dragon is heavily wounded.
You slash the ice dragon!
You bite the ice dragon, but do no damage.
The ice dragon is severely wounded.
The ice dragon breathes frost at you. The blast of cold misses you.
You slash the ice dragon! Your bite misses the ice dragon.
The ice dragon is severely wounded.
You block the ice dragon's attack. The ice dragon claws you!
The ice dragon tramples you!
* * * LOW HITPOINT WARNING * * *
You hold your ground!
The ice dragon breathes frost at you. The blast of cold hits you!
You die...

≈≈≈≈≈
##......###
≈≈≈≈≈≈
##....####
.#≈### ###
##..#### ..#
##.###..##
#....#.##
#.##...# .
###..##### .D.
##.##...#
.....#†..D.@##
#......####
########


You could see an ice dragon.

Vanquished Creatures
  Erolcha (D:9)
  An ice dragon (IceCv)
  A hydra (Lair:6)
  2 two-headed ogres (D:9)
  8 death yaks
  Pikel (D:5)
  A cyclops (D:10)
  Joseph (D:9)
  The ghost of Thaneod the Destroyer, a novice DEAE (D:6)
  2 ice statues (IceCv)
  4 elephants (Lair:4)
  7 black mambas
  Psyche (D:8)
  A torpor snail (Lair:4)
  5 spiny frogs
  5 rime drakes
  4 komodo dragons
  A queen bee (Lair:4)
  4 jumping spiders (Lair:4)
  A troll (D:9)
  7 polar bears
  3 meliai (Lair:4)
  14 blink frogs
  7 hippogriffs
  A redback (Lair:4)
  A wraith (D:9)
  2 wyverns
  A human (D:7)
  63 yaks
  2 basilisks
  A steam dragon (Lair:4)
  4 vampire mosquitoes (Lair:2)
  2 hogs (D:7)
  2 hungry ghosts
  Edmund (D:4)
  Menkaure (D:7)
  2 hell hounds
  12 water moccasins
  3 black bears
  9 porcupines
  15 ice beasts
  2 orc warriors (D:10)
  2 phantoms (D:10)
  14 wolves
  3 ogres
  3 necrophages (D:9)
  2 centaurs
  8 crocodiles
  Blork the orc (D:7)
  4 big kobolds
  12 bullfrogs
  A gnoll sergeant (D:6)
  An elf zombie (D:9)
  A water moccasin zombie (D:7)
  A wyvern skeleton (D:9)
  A scorpion (D:7)
  A troll zombie (D:9)
  31 killer bees
  5 wights (D:7)
  2 electric eels
  7 crimson imps
  2 jellies
  4 orc priests
  A centaur zombie (D:7)
  3 human zombies (D:9)
  6 hounds
  2 centaur skeletons
  An iguana (D:8)
  3 orc wizards
  3 worker ants
  2 hound skeletons
  2 mummies (D:9)
  A howler monkey zombie (D:5)
  4 gnolls (D:6)
  17 adders
  A shadow imp (D:7)
  An ooze (D:4)
  2 worms (D:5)
  2 dart slugs
  2 leopard geckos
  20 orcs
  A ball python (D:2)
  5 giant cockroaches
  11 goblins
  6 hobgoblins
  13 jackals
  21 kobolds
  3 quokkas
  6 bats
  3 frilled lizards
  A leopard gecko skeleton (D:7)
  An orc zombie (D:9)
  2 quokka zombies (D:6)
  3 rats
  2 fungi (Lair:4)
  3 plants
467 creatures vanquished.

Vanquished Creatures (others)
  4 fungi
  2 plants
6 creatures vanquished.

Grand Total: 473 creatures vanquished

Notes
Turn   | Place    | Note
-------+----------+-------------------------------------------
     0 | D:1      | Kairos the Vine Stalker Fighter began the quest for the Orb.
     0 | D:1      | Reached XP level 1. HP: 11/11 MP: 2/2
   162 | D:1      | Reached XP level 2. HP: 11/16 MP: 3/3
   471 | D:1      | Reached skill level 2 in Axes
   676 | D:1      | Reached XP level 3. HP: 20/20 MP: 4/4
   985 | D:2      | Gained mutation: Your magical capacity is low. (-10% MP) [potion of mutation]
   985 | D:2      | Gained mutation: You have supernaturally acute eyesight. (SInv) [potion of mutation]
   988 | D:2      | Gained mutation: Your natural rate of healing is unusually fast. [Vine Stalker growth]
   988 | D:2      | Reached XP level 4. HP: 3/24 MP: 1/4
  1141 | D:2      | Noticed a bullfrog
  1145 | D:2      | Killed a bullfrog
  1145 | D:2      | Reached XP level 5. HP: 28/28 MP: 5/5
  1455 | D:3      | Found a snail-covered altar of Cheibriados.
  1474 | D:3      | Reached skill level 3 in Axes
  1529 | D:3      | Found a shimmering altar of Xom.
  1590 | D:3      | Found a sparkling altar of Nemelex Xobeh.
  1610 | D:3      | Reached skill level 1 in Dodging
  1845 | D:3      | Noticed a big kobold
  1847 | D:3      | Noticed a big kobold
  1899 | D:3      | Reached XP level 6. HP: 32/32 MP: 6/6
  2271 | D:4      | Reached skill level 4 in Axes
  2272 | D:4      | Reached XP level 7. HP: 14/36 MP: 7/7
  2512 | D:4      | Noticed Edmund
  2529 | D:4      | Killed Edmund
  2839 | D:4      | Found a hide-covered altar of Uskayaw.
  2921 | D:5      | Entered Level 5 of the Dungeon
  3135 | D:5      | Reached skill level 5 in Axes
  3135 | D:5      | Gained mutation: You have razor-sharp teeth. [Vine Stalker growth]
  3135 | D:5      | Reached XP level 8. HP: 27/42 MP: 3/8
  3267 | D:5      | Noticed Pikel
  3318 | D:5      | Killed Pikel
  3318 | D:5      | Reached skill level 5 in Shields
  3979 | D:6      | Reached XP level 9. HP: 44/46 MP: 7/9
  3981 | D:6      | Found Memeylu's Antique Weapon Boutique.
  4500 | D:6      | Noticed Thaneod's ghost (novice DEAE)
  4513 | D:6      | Killed Thaneod's ghost
  4513 | D:6      | Reached skill level 5 in Fighting
  4513 | D:6      | Reached skill level 6 in Axes
  4760 | D:7      | Noticed Menkaure
  4766 | D:7      | Killed Menkaure
  4832 | D:7      | Reached skill level 5 in Armour
  4833 | D:7      | Found a glowing silver altar of Zin.
  4854 | D:7      | Noticed Blork the orc
  4859 | D:7      | Killed Blork the orc
  4867 | D:7      | Found a deep blue altar of Sif Muna.
  4921 | D:7      | Found a staircase to the Ecumenical Temple.
  5038 | Temple   | Entered the Ecumenical Temple
  5046 | Temple   | Became a worshipper of Warmaster Okawaru
  5087 | D:7      | Reached skill level 7 in Axes
  5090 | D:7      | Found a sacrificial altar of Ru.
  5135 | D:7      | Found a bloodstained altar of Trog.
  5143 | D:7      | Reached XP level 10. HP: 51/51 MP: 10/10
  5211 | D:7      | Found a burning altar of Makhleb.
  5329 | D:7      | Reached * piety under Okawaru
  5843 | D:8      | Noticed Psyche
  5851 | D:8      | Killed Psyche
  5851 | D:8      | Reached skill level 8 in Axes
  5856 | D:8      | Found an opulent altar of Gozag.
  6388 | D:9      | Noticed a two-headed ogre
  6389 | D:9      | Reached ** piety under Okawaru
  6399 | D:9      | Noticed Joseph
  6524 | D:9      | Noticed a two-headed ogre
  6535 | D:8      | Reached skill level 1 in Evocations
  6601 | D:9      | Killed a two-headed ogre
  6848 | D:9      | Reached *** piety under Okawaru
  7033 | D:9      | Reached XP level 11. HP: 53/56 MP: 12/12
  7052 | D:9      | Found a basalt altar of Yredelemnul.
  7547 | D:9      | Noticed Erolcha
  7561 | D:9      | Killed Erolcha
  7700 | D:9      | Killed Joseph
  7700 | D:9      | Reached **** piety under Okawaru
  7700 | D:9      | Reached skill level 9 in Axes
  7813 | D:9      | Killed a two-headed ogre
  8033 | D:10     | Entered Level 10 of the Dungeon
  8298 | D:10     | Found a staircase to the Lair.
  8506 | D:10     | Noticed a cyclops
  8639 | D:9      | Lost mutation: Your magical capacity is low. (-10% MP) [potion of mutation]
  8639 | D:9      | Lost mutation: You have supernaturally acute eyesight. (SInv) [potion of mutation]
  8639 | D:9      | Gained mutation: You possess an exceptional clarity of mind. [potion of mutation]
  8639 | D:9      | Gained mutation: Your mind is acute. (Int +2) [potion of mutation]
  8669 | D:10     | Killed a cyclops
  8716 | D:10     | Reached ***** piety under Okawaru
  9045 | Lair:1   | Entered Level 1 of the Lair of Beasts
  9051 | Lair:1   | Reached skill level 10 in Axes
  9282 | Lair:1   | Gained mutation: You heal very quickly. [Vine Stalker growth]
  9282 | Lair:1   | Reached XP level 12. HP: 33/62 MP: 9/14
 10154 | Lair:1   | Received a gift from Okawaru
 10201 | Lair:1   | Found the +8 whip "Snakebite" {curare, rPois}
 10411 | Lair:2   | Received a gift from Okawaru
 10536 | Lair:2   | Reached skill level 5 in Dodging
 10978 | Lair:2   | Found a staircase to the Swamp.
 11091 | Lair:2   | Reached skill level 11 in Axes
 11806 | Lair:3   | Received a gift from Okawaru
 11884 | Lair:3   | Received a gift from Okawaru
 11960 | Lair:3   | Reached XP level 13. HP: 65/68 MP: 15/15
 12459 | Lair:3   | Reached skill level 12 in Axes
 12802 | Lair:4   | Reached ****** piety under Okawaru
 13072 | Lair:4   | Received a gift from Okawaru
 13209 | Lair:4   | Found a hole to the Spider Nest.
 14028 | Lair:4   | Reached skill level 10 in Shields
 14202 | Lair:4   | Reached skill level 13 in Axes
 14294 | Lair:4   | Reached XP level 14. HP: 74/74 MP: 16/16
 15166 | Lair:5   | Reached skill level 1 in Stealth
 15180 | Lair:5   | Received a gift from Okawaru
 15506 | Lair:5   | Reached skill level 1 in Invocations
 16069 | Lair:6   | Entered Level 6 of the Lair of Beasts
 16126 | Lair:6   | Found a frozen archway.
 16135 | IceCv    | Entered an ice cave
 16418 | IceCv    | Killed from afar by an ice dragon

Vault maps used:
D:1:      lemuel_arrival_broad_hall
D:3:      cheibrodos_thug_alley, lemuel_doored_altar, cheibriados_altar_1,
          nicolae_overflow_crystal_walls, first_ration
D:4:      eat_drink_and_be_merry_uskayaw, uniq_edmund
D:5:      minmay_holes, uniq_pikel
D:6:      serial_shops, shop, kennysheep_potato
D:7:      lemuel_round_altar, nicolae_ru_sacrificial_ziggurat,
          overflow_temple_1_default, bloody_makhleb, temple_pool_b,
          grunt_livestock, tgw_sif, uniq_menkaure
D:8:      minmay_misc_feat_roman, nicolae_gozag_seed_capital, uniq_psyche
D:9:      lemuel_mausoleum_altar_yredelemnul, uniq_joseph, uniq_erolcha
D:10:     minmay_lair_entry_lava, lightli_minifort
Temple:   dshaligram_water_room_temple
Lair:1:   minmay_guarded_unrand_snakebite
Lair:2:   minmay_swamp_entry_swarm, st_stairs_13
Lair:3:   cheibrodos_lair_lostbears, grunt_megastairs_3
Lair:4:   regret_index_combs_of_tragedy, nicolae_spider_entry_tight_spaces,
          lemuel_fruit_fields, grunt_megastairs_5
Lair:6:   gammafunk_lair_ancient_temple, nicolae_slime_entry_slimehenge,
          portal_ice_cave_entry_pillars_2
IceCv:    ice_cave_small_dragons

Skill      XL: |  1  2  3  4  5  6  7  8  9 10 11 12 13 14 |
---------------+-------------------------------------------+-----
Shields        | 3 4 5 6 7 8 9 10 | 10.6
Fighting       | 3 4 5 6 7 8 9 |  9.3
Axes           | 2 3 4 5 7 8 10 11 13 | 13.6
Armour         | 3 4 5 6 7 8 |  8.8
Dodging        | 1 2 3 4 5 6 |  6.0
Maces & Flails | 3 4 |  4.0
Evocations     | 1 2 |  2.1
Stealth        | 1 |  1.2
Invocations    | 1 |  1.2

Action                   |  1- 3 |  4- 6 |  7- 9 | 10-12 | 13-15 || total
-------------------------+-------+-------+-------+-------+-------++-------
Melee: War axe           |    84 |   121 |   217 |   423 |       ||   845
       Bite              |    22 |    32 |    86 |   292 |   232 ||   664
       Flail             |       |       |    45 |       |       ||    45
       Broad axe         |       |       |       |   281 |   594 ||   875
       Whip              |       |       |       |    39 |    11 ||    50
Invok: Heroism           |       |       |       |     4 |    17 ||    21
Evoke: Wand              |       |       |     6 |    20 |       ||    26
       Lightning rod     |       |       |       |     5 |       ||     5
  Use: Scroll            |     4 |       |     3 |    11 |     1 ||    19
       Potion            |     1 |       |       |     2 |       ||     3
  Eat: Chunk             |       |     3 |    10 |    15 |    11 ||    39
       Ration            |       |       |       |     3 |     1 ||     4
Armor: Scale mail        |    60 |    73 |    85 |   245 |   211 ||   674
Dodge: Dodged            |    42 |    39 |    85 |   399 |   329 ||   894
Block: Shield            |    44 |    86 |   149 |   496 |   494 ||  1269

Table legend:
 A = Spawn XP
 B = Non-spawn XP
 C = Spawn XP percentage of total XP
 D = Spawn monster count
 E = Non-spawn monster count
 F = Spawn count percentage of total count
 G = Total turns spent on level
                    A         B        C        D         E        F      G
               +---------+---------+-------+---------+---------+-------+---------
         Total |       0 |   69089 |   0.0 |       0 |     462 |   0.0 | 16418
               +---------+---------+-------+---------+---------+-------+---------
           D:1 |       0 |      34 |   0.0 |       0 |      18 |   0.0 |   779
           D:2 |       0 |     170 |   0.0 |       0 |      13 |   0.0 |   654
           D:3 |       0 |     318 |   0.0 |       0 |      39 |   0.0 |   820
           D:4 |       0 |     435 |   0.0 |       0 |      16 |   0.0 |   668
           D:5 |       0 |    1154 |   0.0 |       0 |      13 |   0.0 |   869
           D:6 |       0 |    1200 |   0.0 |       0 |      21 |   0.0 |   966
           D:7 |       0 |    2469 |   0.0 |       0 |      29 |   0.0 |   838
           D:8 |       0 |    1297 |   0.0 |       0 |      13 |   0.0 |   951
           D:9 |       0 |    5745 |   0.0 |       0 |      29 |   0.0 |  1733
          D:10 |       0 |    3905 |   0.0 |       0 |      38 |   0.0 |   752
        Lair:1 |       0 |    5059 |   0.0 |       0 |      34 |   0.0 |  1477
        Lair:2 |       0 |    7416 |   0.0 |       0 |      36 |   0.0 |  1520
        Lair:3 |       0 |    8125 |   0.0 |       0 |      33 |   0.0 |  1109
        Lair:4 |       0 |   19298 |   0.0 |       0 |      93 |   0.0 |  1844
        Lair:5 |       0 |    6565 |   0.0 |       0 |      16 |   0.0 |  1103
        Lair:6 |       0 |    1406 |   0.0 |       0 |       2 |   0.0 |    37
         IceCv |       0 |    4493 |   0.0 |       0 |      19 |   0.0 |   283
               +---------+---------+-------+---------+---------+-------+---------
